 Dungeon Crawl Stone Soup version 0.31-a0-702-gf82c85558f (webtiles) character file.

Game seed: 7233061378381097157

114 qw the Shooter (level 4, 0/28 HPs)
             Began as a Gargoyle Hunter on Sept 8, 2023.
             Slain by Grinder (3 damage)
             ... on level 3 of the Dungeon.
             The game lasted 00:00:57 (2199 turns).

qw the Shooter (Gargoyle Hunter)                    Turns: 2199, Time: 00:00:58

Health: 0/28       AC:  8    Str: 15      XL:     4   Next: 97%
Magic:  4/4        EV: 11    Int:  8 (9)  God:
Gold:   167        SH:  0    Dex: 14 (15) Spells: 3/3 levels left

rFire   + . .        Y - +0 shortbow
rCold   . . .        (shield currently unavailable)
rNeg    + . .        a - +0 ring mail {rF+}
rPois   inf          (no helmet)
rElec   +            (no cloak)
rCorr   .            (no gloves)
SInv    .            (no boots)
Will    .....        (no amulet)
Stlth   +            (no ring)
HPRegen 0.24/turn    (no ring)
MPRegen 0.09/turn

%: no passive effects
@: no status effects
A: sickness immunity, AC +3, negative energy resistance 1, electricity
resistance, torment resistance 1, petrification resistance
a: no special abilities


You were on level 3 of the Dungeon.
You visited 1 branch of the dungeon, and saw 3 of its levels.

You collected 167 gold pieces.


Innate Abilities, Weirdness & Mutations

You are immune to sickness and miasma.
Your stone body is resilient. (AC +3)
You are immune to poison.
You resist negative energy. (rN+)
You are resistant to electric shocks. (rElec)
You are resistant to unholy torment.
You are immune to petrification.


   Skills:
 - Level 3.0 Fighting
 + Level 5.5 Ranged Weapons
 - Level 1.3 Armour
 - Level 1.5 Dodging
 - Level 1.1 Stealth


You had 3 spell levels left.
You didn't know any spells.
Your spell library was empty.

Inventory:

Hand Weapons
 Y - a +0 shortbow (weapon)
Armour
 a - a +0 ring mail of fire resistance (worn)
Jewellery
 b - a ring of ice
Scrolls
 c - a scroll of torment {unknown}
 d - a scroll of brand weapon {unknown}
 g - a scroll of identify
Potions
 e - a potion of enlightenment
 i - a potion of might
 j - 2 potions of curing

Dungeon Overview and Level Annotations

Branches:
Dungeon (3/15)

Altars:
Vehumet

Annotations:
D:2 1 runed translucent door, Crazy Yiuf
D:3 Grinder


Message History

Grinder gestures at you. Pain shoots through your body!
You shoot an arrow. The arrow hits Grinder.
Grinder is lightly wounded.
Grinder hits you but does no damage. Grinder misses you.
You shoot an arrow. The arrow barely misses Grinder.
Grinder barely misses you.
You shoot an arrow. The arrow hits Grinder.
Grinder is lightly wounded.
Grinder hits you.
You writhe in agony.
You shoot an arrow. The arrow closely misses Grinder.
Grinder barely misses you.
You shoot an arrow. The arrow hits Grinder.
Grinder is moderately wounded.
Grinder barely misses you.
You shoot an arrow. The arrow closely misses Grinder.
Grinder hits you.
You writhe in agony.
Grinder gestures at you.
You suddenly lose the ability to move!
Grinder says, "DUCK!"
Grinder hits you but does no damage. Grinder hits you but does no damage.
You can move again.
You shoot an arrow. The arrow barely misses Grinder.
Grinder blinks!
You shoot an arrow.
The arrow hits Grinder but does no damage.
Grinder is moderately wounded.
You shoot an arrow. The arrow hits Grinder.
Grinder is moderately wounded.
Grinder gestures at you. Pain shoots through your body!
You shoot an arrow. The arrow hits Grinder.
Grinder is heavily wounded.
Grinder blinks!
You shoot an arrow. The arrow completely misses Grinder.
You shoot an arrow. The arrow closely misses Grinder.
Grinder hits you.
You writhe in agony.
You die...
Grinder says, "Now the real fun starts!"

# ####### ...#.....##
..........##
.....?.@...#
......5....#############
...?........%.%........#
...........######.####..
..<........# #..#####
...........# ##......
..........## #######
...#.....## # ###### #


You could see Grinder.

Vanquished Creatures
  4 adders (D:2)
  A worm (D:2)
  A dart slug (D:2)
  11 ball pythons
  9 endoplasms
  3 giant cockroaches
  9 goblins
  6 hobgoblins
  2 jackals (D:2)
  3 quokkas
  2 bats
  8 frilled lizards
  3 kobolds
  7 rats
69 creatures vanquished.

Notes
Turn   | Place    | Note
-------+----------+-------------------------------------------
     0 | D:1      | qw the Gargoyle Hunter began the quest for the Orb.
     0 | D:1      | Reached XP level 1. HP: 12/12 MP: 1/1
     0 | D:1      | 0 ||| qw: Version: 0.3-a-76-g4403597
     0 | D:1      | 0 ||| qw: Game counter: 1162
     0 | D:1      | 0 ||| qw: Melee chars always use a shield: true
     0 | D:1      | 0 ||| qw: God list: Okawaru
     0 | D:1      | 0 ||| qw: Allow faded altars: false
     0 | D:1      | 0 ||| qw: Do Orc after clearing Dungeon:15 true
     0 | D:1      | 0 ||| qw: Do second Lair branch before Depths: true
     0 | D:1      | 0 ||| qw: Lair rune preference: random
     0 | D:1      | 0 ||| qw: Goals: Normal
     0 | D:1      | 0 ||| PLANNING D:1-11
    63 | D:1      | Reached XP level 2. HP: 13/17 MP: 2/2
   318 | D:1      | Reached XP level 3. HP: 21/21 MP: 3/3
   375 | D:1      | Reached skill level 5 in Ranged Weapons
   614 | D:1      | 614 ||| UPGRADING to +0 ring mail.
   652 | D:1      | 652 ||| DROPPING +0 leather armour.
   711 | D:1      | 711 ||| READING scroll labelled COTAJOT IMUP.
   712 | D:1      | 712 ||| READING 2 scrolls labelled PEOTAQETHR TEOG.
   713 | D:1      | 713 ||| READING scroll labelled FIOLO ULUTUB.
   714 | D:1      | 714 ||| DRINKING 3 sedimented white potions.
   715 | D:1      | 715 ||| DROPPING scroll of butterflies.
   716 | D:1      | 716 ||| DROPPING 2 potions of degeneration.
   739 | D:2      | Reached skill level 1 in Armour
  1040 | D:2      | Reached skill level 3 in Fighting
  1040 | D:2      | Reached XP level 4. HP: 28/28 MP: 4/4
  1100 | D:2      | Found a radiant altar of Vehumet.
  1375 | D:2      | Found a runed translucent door.
  1376 | D:2      | Noticed Crazy Yiuf
  1732 | D:2      | 1732 ||| UPGRADING to +0 ring mail of fire resistance.
  1742 | D:2      | 1742 ||| DROPPING +0 ring mail.
  1743 | D:2      | 1743 ||| READING scroll labelled BOTUOR SYLLI.
  1744 | D:2      | 1744 ||| READING scroll labelled HAROFE JOCUE.
  1745 | D:2      | 1745 ||| READING scroll labelled DAFUUP GIECZU.
  1794 | D:2      | 1794 ||| READING scroll labelled WYH SUFISTUGIY.
  1795 | D:2      | 1795 ||| READING 4 scrolls of identify.
  1795 | D:2      | 1795 ||| IDENTIFYING ruby potion
  1796 | D:2      | 1796 ||| READING 3 scrolls of identify.
  1796 | D:2      | 1796 ||| IDENTIFYING coppery potion
  1797 | D:2      | 1797 ||| READING 2 scrolls of identify.
  1797 | D:2      | 1797 ||| IDENTIFYING viscous silvery potion
  2170 | D:3      | Noticed Grinder
  2171 | D:3      | Paralysed by Grinder for 3 turns
  2191 | D:3      | HP: 7/28 [Grinder (4)]
  2191 | D:3      | Paralysed by Grinder for 3 turns
  2196 | D:3      | HP: 3/28 [Grinder/nerve-wracking pain (3)]
  2199 | D:3      | Slain by Grinder

Levels and vault maps discovered:
D:1:      sevenhm_arrival_forest_fort_small_3, layout_basic, minmay_pentomino_v2
D:2:      layout_basic, basic_altar, uniq_crazy_yiuf_cottage
D:3:      layout_rooms, minmay_box_of_dots, uniq_grinder

Skill      XL: |  1  2  3 |
---------------+----------+-----
Ranged Weapons | 5 |  5.5
Armour         | 1 |  1.3
Fighting       | 3 |  3.0
Dodging        | |  1.5
Stealth        | |  1.1

Action                     |  1- 3 |  4- 6 || total
---------------------------+-------+-------++-------
   Fire: Shortbow          |   130 |   120 ||   250
    Use: Scroll            |     3 |     7 ||    10
         Potion            |     1 |       ||     1
 Armour: Leather armour    |    19 |       ||    19
         Ring mail         |    22 |    31 ||    53
         Skin              |     4 |       ||     4
  Dodge: Dodged            |    39 |    34 ||    73

Table legend:
 A = Non-vault XP
 B = Vault XP
 C = Vault XP percentage of total XP
 D = Non-vault monster count
 E = Vault monster count
 F = Vault count percentage of total count
                 A         B        C        D         E       F
            +---------+---------+-------+---------+---------+-------
      Total |     154 |       9 |   5.5 |      63 |       6 |   8.7
            +---------+---------+-------+---------+---------+-------
        D:1 |      46 |       4 |   8.0 |      28 |       2 |   6.7
        D:2 |      92 |       0 |   0.0 |      26 |       0 |   0.0
        D:3 |      16 |       5 |  23.8 |       9 |       4 |  30.8
            +---------+---------+-------+---------+---------+-------
